 Dungeon Crawl Stone Soup version 0.29.0-7-g18a832c13a (webtiles) character file.

Game seed: 2938863523460078156

207 LynnLen the Ducker (level 5, -1/25 HPs)
             Began as a Spriggan Earth Elementalist on Aug 30, 2022.
             Was an Initiate of Nemelex Xobeh.
             Killed from afar by Natasha (3 damage)
             ... with a magic dart
             ... on level 3 of the Dungeon.
             The game lasted 00:10:06 (2839 turns).

LynnLen the Ducker (Spriggan Earth Elementalist)    Turns: 2839, Time: 00:10:07

Health: -1/25      AC:  2    Str:  4    XL:     5   Next: 54%
Magic:  5/11       EV: 18    Int: 18    God:    Nemelex Xobeh [......]
Gold:   60         SH:  0    Dex: 16    Spells: 1/11 levels left

rFire   . . .      SeeInvis +   j - +0 dagger
rCold   . . .      Faith    .   (no shield)
rNeg    . . .      Spirit   .   a - +0 robe
rPois   .          Reflect  .   (helmet restricted)
rElec   .          Harm     .   (no cloak)
rCorr   .          Rampage  .   (gloves unavailable)
Will    .....                   (boots unavailable)
Stlth   ++........              (no amulet)
HPRegen 0.08/turn               (no ring)
MPRegen 0.12/turn               (no ring)

@: slowed, quick
A: very small, no large weapons, unfitting armour, see invisible, speed 3
a: Renounce Religion, Draw Escape, Draw Destruction, Draw Summoning


You were on level 3 of the Dungeon.
You worshipped Nemelex Xobeh.
Nemelex Xobeh was noncommittal.
You visited 1 branch of the dungeon, and saw 3 of its levels.

You collected 60 gold pieces.

Inventory:

Hand Weapons
 j - a +0 dagger (weapon)
Armour
 a - a +0 robe (worn)
Scrolls
 c - a scroll of vulnerability
 d - a scroll of teleportation {unknown}
 e - a scroll of magic mapping {unknown}
 f - a scroll of poison {unknown}
 g - a scroll of noise {unknown}
 h - a scroll of immolation {unknown}
 i - a scroll of fear {unknown}
Potions
 b - a potion of magic
 l - a potion of brilliance
 m - a potion of berserk rage {unknown}
 n - a potion of flight {unknown}


   Skills:
 + Level 1.5 Fighting
 + Level 4.0 Dodging
 - Level 3.0 Stealth
 + Level 3.8 Spellcasting
 + Level 1.0 Conjurations
 + Level 2.8 Transmutations
 + Level 3.4 Earth Magic
 + Level 0.9 Invocations


You had one spell level left.
You knew the following spells:

 Your Spells              Type           Power      Damage    Failure   Level
a - Sandblast             Erth           30%        2d9       3%          1
b - Passwall              Tmut/Erth      11%        N/A       6%          2
c - Stone Arrow           Conj/Erth      22%        3d8       19%         3
d - Petrify               Tmut/Erth      14%        N/A       38%         4

Your spell library contained the following spells:

 Spells                   Type           Power      Damage    Failure   Level
 Dispersal                Tloc           1%         N/A       100%        6
 Disjunction              Tloc           1%         N/A       100%        8


Dungeon Overview and Level Annotations

Branches:
Dungeon (3/15)

Altars:
Cheibriados
Nemelex Xobeh

Shops:
D:2 (

Annotations:
D:3 Natasha


Innate Abilities, Weirdness & Mutations

You are very small and have problems with some larger weapons.
You are too small for most types of armour.
You have supernaturally acute eyesight. (SInv)
You cover ground extremely quickly. (Speed+++)


Message History

Natasha claws you.
Unknown command.
Aiming: Passwall (safe; 6% risk of failure)
Press: ? - help, Q - select action, (/) - cycle Dir - move target, p - Natasha A rock wall.
Natasha claws you.
You begin to meditate on the wall.
You continue meditating on the rock.
Natasha barely misses you.
Natasha stares at you and mumbles some strange words.
The magic dart hits you.
You continue meditating on the rock.
Natasha claws you.
* * * LOW HITPOINT WARNING * * *
You finish merging with the rock.
You start resting.
Natasha is nearby!
Natasha claws you but does no damage. Natasha attacks as you move away!
Natasha barely misses you.
Natasha mumbles some strange words.
You feel disoriented.
Natasha stares at you and mumbles some strange words.
The magic dart hits you.
* * * LOW HITPOINT WARNING * * *
Natasha casts a spell at you.
You feel yourself slow down.
Aiming: Passwall (safe; 6% risk of failure)
Press: ? - help, Q - select action, (/) - cycle Dir - move target, f - you Please select a wall.
Okay, then.
Okay, then.
Aiming: Passwall (safe; 6% risk of failure)
Press: ? - help, Q - select action, (/) - cycle Dir - move target A rock wall.
Natasha misses you.
You begin to meditate on the wall.
You continue meditating on the rock.
Natasha misses you. Natasha casts a spell at you. The magic dart hits you.
You die...
Your body disappears without a glow.

#.###.[###.#+#...####5 #.#
#.###._.###....... #.#
#..###.#'#...####. #(#
##..#####..#.# #. #######.#
##..###..##.####.
..###.......######..#..###...(..
................h.<........####.
#.###.......######.............>
..............@h.÷.............
..###......#.......###.###.#####
#........####### #.....#
#.......## #####.# ####.##.# #.#
#.##.## #.# #.#...###### #.#
#...#...†..########.#
###...####..h.5.....#


You could see Natasha (fast).

Vanquished Creatures
  A black bear (D:3)
  Natasha (twice) (D:3)
  A worm (D:2)
  3 dart slugs
  6 endoplasms
  2 giant cockroaches
  7 hobgoblins
  2 jackals (D:1)
  6 kobolds
  3 quokkas (D:1)
  3 ball pythons (D:1)
  5 bats
  3 frilled lizards
  6 goblins
  5 rats
55 creatures vanquished.

Vanquished Creatures (others)
  A plant (D:1)
1 creature vanquished.

Grand Total: 56 creatures vanquished

Notes
Turn   | Place    | Note
-------+----------+-------------------------------------------
     0 | D:1      | LynnLen the Spriggan Earth Elementalist began the quest for
                  | the Orb.
     0 | D:1      | Reached XP level 1. HP: 9/9 MP: 5/5
   345 | D:1      | Reached XP level 2. HP: 14/14 MP: 5/7
   348 | D:1      | Learned a level 2 spell: Passwall
   445 | D:1      | Reached skill level 3 in Dodging
  1221 | D:1      | Found a faded altar of an unknown god.
  1332 | D:2      | Reached XP level 3. HP: 17/17 MP: 8/8
  1336 | D:2      | Learned a level 3 spell: Stone Arrow
  1336 | D:2      | Found a snail-covered altar of Cheibriados.
  1932 | D:2      | Reached skill level 1 in Fighting
  2034 | D:2      | Found Kipseur's Antique Weapon Boutique.
  2358 | D:3      | Found a sparkling altar of Nemelex Xobeh.
  2365 | D:3      | Became a worshipper of Nemelex Xobeh the Trickster
  2378 | D:3      | Noticed Natasha
  2436 | D:3      | Killed Natasha
  2437 | D:3      | Reached XP level 4. HP: 16/22 MP: 1/10
  2525 | D:3      | Learned a level 4 spell: Petrify
  2532 | D:3      | Noticed a black bear
  2555 | D:3      | Noticed Natasha
  2584 | D:3      | Killed a black bear
  2585 | D:3      | Reached skill level 4 in Dodging
  2585 | D:3      | Reached skill level 1 in Conjurations
  2585 | D:3      | Reached XP level 5. HP: 25/25 MP: 6/11
  2808 | D:3      | Killed Natasha
  2812 | D:3      | Noticed Natasha
  2833 | D:3      | HP: 1/25 [Natasha/magic dart (4)]
  2839 | D:3      | Killed from afar by Natasha

Illustrated notes

Levels and vault maps discovered:
D:1:      spicycebolla_green_bress_n_ham_2, layout_basic,
          shapermc_ecumenical_altar_hornbeckon, minmay_pentomino_v4
D:2:      layout_loops_ring, serial_shops, nicolae_shop_window_shopping,
          basic_altar
D:3:      layout_loops_ring, nemelex_diamond_rough_becter, uniq_natasha

Skill      XL: |  1  2  3  4 |
---------------+-------------+-----
Spellcasting   | 3 |  3.8
Dodging        | 3 4 |  4.0
Earth Magic    | 3 |  3.4
Fighting       | 1 |  1.5
Transmutations | 2 |  2.8
Conjurations   | 1 |  1.0
Stealth        | |  3.0
Invocations    | |  0.9

Action                   |  1- 3 |  4- 6 || total
-------------------------+-------+-------++-------
Melee: Unarmed           |     4 |       ||     4
       Dagger            |     6 |       ||     6
 Cast: Sandblast         |    77 |    12 ||    89
       Passwall          |     1 |     2 ||     3
  Use: Scroll            |     3 |       ||     3
 Stab: Sleeping          |     5 |       ||     5
Armor: Robe              |     2 |     2 ||     4
Dodge: Dodged            |    17 |     8 ||    25
